 Dungeon Crawl Stone Soup version 0.29-a0-885-gb26ba3297d (webtiles) character file.

Game seed: 11955692971428746844

74 Nato the Conjurer (level 4, -1/27 HPs)
             Began as an Octopode Conjurer on July 20, 2022.
             Slain by a scorpion (3 damage)
             ... on level 2 of the Dungeon.
             The game lasted 00:04:28 (1962 turns).

Nato the Conjurer (Octopode Conjurer)               Turns: 1962, Time: 00:04:29

Health: -1/27      AC:  1    Str:  6    XL:     4   Next: 30%
Magic:  7/9        EV: 13    Int: 22    God:
Gold:   117        SH:  0    Dex: 10    Spells: 9/10 levels left

rFire   . . .      SeeInvis .   (no weapon)
rCold   . . .      Faith    .   (no shield)
rNeg    . . .      Spirit   .   (helmet restricted)
rPois   .          Reflect  .   (no amulet)
rElec   .          Harm     .   f - +4 ring of slaying
rCorr   .          Rampage  .   (no ring)
Will    .....                   (no ring)
Stlth   ++........              (no ring)
HPRegen 0.09/turn               (no ring)
MPRegen 0.11/turn               (no ring)
                                (no ring)
                                (no ring)

@: silenced
A: almost no armour, amphibious, 8 rings, camouflage 1, gelatinous body 1,
(nimble swimmer 1), tentacles
a: no special abilities


You were on level 2 of the Dungeon.
You visited 1 branch of the dungeon, and saw 3 of its levels.

You collected 117 gold pieces.

Inventory:

Jewellery
 f - a +4 ring of slaying (left tentacle)
Scrolls
 d - a scroll of teleportation {unknown}
 e - 2 scrolls of immolation {unknown}
 g - a scroll of blinking {unknown}
 j - 2 scrolls of identify {unknown}
 k - a scroll of magic mapping {unknown}
 l - a scroll of enchant armour {unknown}
 m - a scroll of torment {unknown}
Potions
 a - 2 potions of magic
 b - a potion of cancellation {unknown}
 c - a potion of might {unknown}
 h - a potion of curing {unknown}


   Skills:
 - Level 2.3 Dodging
 - Level 3.1 Stealth
 + Level 3.6 Spellcasting
 - Level 4.1 Conjurations


You had 9 spell levels left.
You knew the following spells:

 Your Spells              Type           Power      Damage    Failure   Level
a - Magic Dart            Conj           88%        1d7       1%          1

Your spell library contained the following spells:

 Spells                   Type           Power      Damage    Failure   Level
 Searing Ray              Conj           44%        2d6       3%          2
 Dazzling Flash           Conj/Hex       26%        N/A       14%         3
 Gell's Gravitas          Tloc           4%         N/A       34%         3
 Teleport Other           Tloc           4%         N/A       34%         3
 Fulminant Prism          Conj/Hex       6%         3d7       43%         4
 Iskenderun's Mystic Bla  Conj/Tloc      13%        2d5       43%         4
 Dispersal                Tloc           2%         N/A       100%        6


Dungeon Overview and Level Annotations

Branches:
Dungeon (3/15)

Altars:
Okawaru
Trog


Innate Abilities, Weirdness & Mutations

You cannot wear most types of armour.
You are amphibious.
You can wear up to eight rings at the same time.
Your skin changes colour to match your surroundings (Stealth+).
Your rubbery body absorbs attacks. (AC +1, EV +1)
((You are camouflaged when in or above water. (Stealth+)))
You have tentacles for arms and can constrict up to eight enemies at once.


Message History

You feel sick. The scorpion stings you.
You climb upwards.
You feel sick.
There is a stone staircase leading down here.
Casting: Magic Dart (safe; 1% risk of failure)
Confirm with . or Enter, or press ? or * to list all spells.
Aiming: Magic Dart (safe; 1% risk of failure)
Press: ? - help, Shift-Dir - straight line, f - scorpion
Aim: a scorpion (100% to hit)
The magic dart hits the scorpion.
The scorpion is lightly wounded.
You feel sick. The scorpion stings you.
Unknown command.
Casting: Magic Dart (safe; 1% risk of failure)
Confirm with . or Enter, or press ? or * to list all spells.
Aiming: Magic Dart (safe; 1% risk of failure)
Press: ? - help, Shift-Dir - straight line, f/p - scorpion
Aim: a scorpion (lightly wounded, 100% to hit)
The magic dart hits the scorpion but does no damage.
The scorpion is lightly wounded.
You feel sick. The scorpion stings you. The scorpion barely misses you.
Unknown command.
Casting: Magic Dart (safe; 1% risk of failure)
Confirm with . or Enter, or press ? or * to list all spells.
Aiming: Magic Dart (safe; 1% risk of failure)
Press: ? - help, Shift-Dir - straight line, f/p - scorpion
Aim: a scorpion (lightly wounded, 100% to hit)
The magic dart hits the scorpion but does no damage.
The scorpion is lightly wounded.
You feel sick. The scorpion stings you.
* * * LOW HITPOINT WARNING * * *
As you read the scroll labelled PEPSEBLATZE, it crumbles to dust.
A profound silence engulfs you.
It was a scroll of silence.
You feel sick.
You are no longer poisoned.
The scorpion barely misses you. The scorpion attacks as you move away!
The scorpion closely misses you. The scorpion misses you.
The scorpion attacks as you move away!
The scorpion stings you but does no damage.
The scorpion attacks as you move away! The scorpion stings you.
You die...

#.# #<# #.# ########### #.#
##.........# #.# #.......##.#
#.# #..#.##.##.# #.#
#....##.##.# #.# #....##.##.#
#.# #.......##.#
################@####...######.#
.................s...>..# #.#
#########..........)...## #.#
#.#######.###### #.# #.# #.# #.#
#.# #.# #.# #########.#### #.#
#.# .............# #.# #.#
#########.##.# #.# #.#


You could see a scorpion.

Vanquished Creatures
  3 adders (D:2)
  2 worms
  A dart slug (D:3)
  7 endoplasms
  A giant cockroach (D:1)
  3 goblins
  2 hobgoblins (D:1)
  4 jackals (D:1)
  4 kobolds (D:2)
  A quokka (D:2)
  3 ball pythons (D:2)
  6 bats
  2 frilled lizards
39 creatures vanquished.

Notes
Turn   | Place    | Note
-------+----------+-------------------------------------------
     0 | D:1      | Nato the Octopode Conjurer began the quest for the Orb.
     0 | D:1      | Reached XP level 1. HP: 11/11 MP: 3/3
   251 | D:1      | Reached XP level 2. HP: 17/17 MP: 0/5
   572 | D:1      | Found a faded altar of an unknown god.
   703 | D:2      | Reached XP level 3. HP: 21/21 MP: 2/6
   819 | D:2      | Found a bloodstained altar of Trog.
  1444 | D:2      | Reached XP level 4. HP: 26/27 MP: 5/9
  1812 | D:3      | Found an iron altar of Okawaru.
  1925 | D:3      | Noticed a scorpion
  1962 | D:2      | Slain by a scorpion

Illustrated notes

Levels and vault maps discovered:
D:1:      wander_arrival_peaceful_grave, layout_rooms,
          shapermc_ecumenical_altar_mp_highgroup, corexii_leaking_fountain,
          grunt_decor_resistance
D:2:      layout_basic, basic_altar
D:3:      layout_loops_ring, nicolae_gozag_zags_fifth_avenue,
          trog_three_pillars_becter, okawaru_metal_pillars_3, uniq_robin

Skill      XL: |  1  2  3 |
---------------+----------+-----
Stealth        | 3 |  3.1
Spellcasting   | 3 |  3.6
Dodging        | |  2.3
Conjurations   | |  4.1

Action                   |  1- 3 |  4- 6 || total
-------------------------+-------+-------++-------
Melee: Unarmed           |     8 |       ||     8
       Constrict         |     2 |       ||     2
       Tentacles         |     2 |       ||     2
 Cast: Magic Dart        |    55 |    19 ||    74
  Use: Scroll            |       |     1 ||     1
Armor: Skin              |     1 |     2 ||     3
Dodge: Dodged            |     7 |     6 ||    13

Table legend: (Time is in decaauts)
 A = Elapsed time spent in this place.
 B = Non-inter-level travel time spent in this place.
 C = Inter-level travel time spent in this place.
 D = Time resting spent in this place.
 E = Time spent auto-exploring this place.
 F = Levels seen in this place.
 G = Mean time per level.
                   A        B        C        D        E       F      G
               +--------+--------+--------+--------+--------+-----+--------+
         Total |   1961 |   1872 |     89 |      0 |   1651 |   3 |  653.7 |
       Dungeon |   1961 |   1872 |     89 |      0 |   1651 |   3 |  653.7 |
               +--------+--------+--------+--------+--------+-----+--------+

Top non-repeatable levels by time:
     D:2: 995 daAuts
     D:1: 699 daAuts
     D:3: 266 daAuts
